 Dungeon Crawl Stone Soup version 0.27-a0-836-gfc908b8576 (webtiles) character file.

Game seed: 7442519217922609361

6355 lunkers the Martial Artist (level 10, 0/100 HPs)
             Began as a Demigod Transmuter on Mar 30, 2021.
             Slain by a vampire mosquito (4 damage)
             ... on level 10 of the Dungeon on Mar 31, 2021.
             The game lasted 00:32:09 (15897 turns).

lunkers the Martial Artist (Demigod Transmuter)    Turns: 15897, Time: 00:32:09

Health: 0/100      AC:  7    Str: 11    XL:     10   Next: 38%
Magic:  12/15      EV: 11    Int: 19    God:
Gold:   310        SH:  0    Dex: 34    Spells: 3/12 levels left

rFire    . . .     SeeInvis .     - Unarmed
rCold    . . .     Faith    .   (shield currently unavailable)
rNeg     . . .     Spirit   .   (armour currently unavailable)
rPois    +         Reflect  .   (helmet currently unavailable)
rElec    .         Harm     .   (cloak currently unavailable)
rCorr    .         Rampage  .   (gloves currently unavailable)
Will     +....                  (boots currently unavailable)
Stlth    +++.......             (no amulet)
HPRegen  0.26/turn              A - +6 ring of dexterity
MPRegen  0.14/turn              B - +6 ring of dexterity

@: hydra-form
A: fast swimmer, devour, amphibious, boosted hp, very large, high mp 1, forlorn
a: End Transformation


You were on level 10 of the Dungeon.
You were a four-headed hydra.
You visited 1 branch of the dungeon, and saw 10 of its levels.

You collected 592 gold pieces.
You spent 282 gold pieces at shops.

Inventory:

Hand Weapons
 e - a +1 dagger of speed (melded)
Armour
 a - a +0 robe (melded)
 i - a +0 cloak (melded)
 r - the +0 ring mail of a wizard's laboratory {Will- Str+4 Dex+3}
   (You found it on level 4 of the Dungeon)

   It affects your strength (+4).
   It affects your dexterity (+3).
   It decreases your willpower.
 t - a +1 hat
 y - a +0 troll leather armour
 E - a +0 helmet (melded)
Jewellery
 A - a +6 ring of dexterity (left foreclaw)
 B - a +6 ring of dexterity (right foreclaw)
 H - a ring of flight
Wands
 g - a wand of flame (6)
 C - a wand of paralysis (22)
Scrolls
 j - 6 scrolls of amnesia {unknown}
 l - a scroll of teleportation {unknown}
 o - 4 scrolls of fog {unknown}
 p - a scroll of immolation {unknown}
 q - a scroll of brand weapon {unknown}
 v - 2 scrolls of noise {unknown}
 w - a scroll of holy word {unknown}
 z - a scroll of enchant weapon {unknown}
 D - a scroll of vulnerability {unknown}
 G - 2 scrolls of enchant armour {unknown}
Potions
 c - 2 potions of haste
 d - 4 potions of brilliance
 f - 4 potions of lignification
 h - 6 potions of heal wounds
 k - 2 potions of berserk rage
 m - 2 potions of flight
 n - 3 potions of curing
 s - a potion of cancellation
 u - 2 potions of invisibility
 F - a potion of magic {unknown}


   Skills:
 + Level 3.2 Fighting
 + Level 3.6 Dodging
 * Level 10.6 Unarmed Combat
 - Level 1.7 Spellcasting
 + Level 9.9 Transmutations


You had 3 spell levels left.
You knew the following spells:

 Your Spells              Type           Power      Damage    Failure   Level
b - Spider Form           Tmut/Pois      10%        N/A       7%          3
c - Hydra Form            Tmut           19%        N/A       8%          5
p - Beastly Appendage     Tmut           78%        N/A       1%          1

Your spell library contained the following spells:

 Spells                   Type           Power      Damage    Failure   Level
 Wereblood                Tmut           39%        N/A       1%          2
 Confusing Touch          Hex            1%         N/A       45%         3
 Gell's Gravitas          Tloc           0%         N/A       45%         3
 Ice Form                 Ice/Tmut       20%        N/A       22%         4
 Petrify                  Tmut/Erth      20%        N/A       22%         4
 Yara's Violent Unravell  Hex/Tmut       10%        3d6       52%         5
 Metabolic Englaciation   Hex/Ice        0%         N/A       99%         5


Dungeon Overview and Level Annotations

Branches:
Dungeon (10/15)            Temple (0/1) D:6            Lair (0/6) D:10
    Orc (0/2) D:10

Shops:
D:9 *!*   D:10 ?[*!

Annotations:
D:9 4 runed translucent doors, robertstho's ghost, journeyman DjFE


Innate Abilities, Weirdness & Mutations

You are a four-headed hydra.
You swim very quickly.
You can devour living enemies to heal.
You are amphibious.
Your maximum health is greatly increased.
Your armour is entirely melded.
You are incapable of wielding weapons or throwing items.
Your attributes grow dramatically as you level up.
You have an increased reservoir of magic. (+10% MP)
You shall have no god before yourself.


Message History

The vampire mosquito draws strength from your injuries!
The vampire mosquito closely misses you.
The vampire mosquito bites you but does no damage. x2
The vampire mosquito barely misses you.
Unknown command.
Unknown command.
Unknown command.
You nip at the vampire mosquito but do no damage.
The vampire mosquito is severely damaged.
You bite the vampire mosquito!
You devour the vampire mosquito!
You feel better.
You destroy the vampire mosquito!
You closely miss the vampire mosquito.
The vampire mosquito closely misses you. x2
The vampire mosquito bites you.
* * * LOW HITPOINT WARNING * * *
The vampire mosquito draws strength from your injuries!
The wolf bites you!
* * * LOW HITPOINT WARNING * * *
The vampire mosquito bites you.
* * * LOW HITPOINT WARNING * * *
The vampire mosquito draws strength from your injuries!
Unknown command.
Unknown command.
Unknown command.
You bite the vampire mosquito!
You devour the vampire mosquito!
You feel better.
You destroy the vampire mosquito!
You barely miss the wolf. You barely miss the vampire mosquito.
The wolf bites you but does no damage. The vampire mosquito bites you!
* * * LOW HITPOINT WARNING * * *
The vampire mosquito draws strength from your injuries!
Unknown command.
Unknown command.
Unknown command.
You closely miss the vampire mosquito.
The vampire mosquito is heavily damaged.
You nip at the wolf. x2; The wolf closely misses you.
The wolf misses you. The vampire mosquito bites you.
You die...

.≈≈≈≈≈..≈
.≈≈≈≈≈≈≈≈
≈≈.....
.≈..≈≈≈.≈
.....
.≈..≈..≈.
.....
......... ....
#...####.
##..# #)..#
.y.# ))..#
#hh# ....#
#Dy# ....#
#..# ....#
#..# ....#
#..# #..#
....## #..#..#
#..# .....#
#..#..# #..#
....8# #..#..#
#..#
.....###..#..#
#..#
#.8.∩<8...#..#
#..#


You could see 2 vampire mosquitoes and 2 wolves.

Vanquished Creatures
  Harold (D:9)
  A two-headed ogre (D:10)
  A troll (D:6)
  Prince Ribbit (D:9)
  3 yaks (D:9)
  2 wyverns
  A steam dragon (D:7)
  2 vampire mosquitoes (D:10)
  Menkaure (D:7)
  A water moccasin (D:5)
  An ice beast (D:7)
  6 orc warriors
  3 wolves (D:10)
  2 phantoms (D:5)
  A gnoll sergeant (D:6)
  4 bullfrogs
  A kobold brigand (D:7)
  3 scorpions
  2 water moccasin skeletons (D:6)
  8 killer bees (D:9)
  5 wights (D:8)
  2 electric eels
  A howler monkey (D:6)
  2 centaur zombies (D:7)
  5 hounds
  2 jellies (D:6)
  An orc priest (D:9)
  An iron imp (D:8)
  Terence (D:2)
  Jessica (D:2)
  A bullfrog skeleton (D:5)
  8 orc wizards
  4 gnolls
  15 adders
  A shadow imp (D:8)
  A white imp (D:6)
  An ufetubus (D:4)
  3 worms
  5 dart slugs
  35 orcs
  5 bats
  3 bat zombies (D:6)
  6 endoplasms
  4 giant cockroaches
  4 goblins
  7 hobgoblins
  14 jackals
  10 kobolds
  2 quokkas
  8 ball pythons
  4 frilled lizards (D:1)
  3 goblin skeletons (D:8)
  A goblin zombie (D:8)
  3 hobgoblin zombies (D:8)
  2 kobold zombies (D:8)
  An orc skeleton (D:8)
  2 orc zombies (D:8)
  12 rats
231 creatures vanquished.

Vanquished Creatures (others)
  7 plants
7 creatures vanquished.

Grand Total: 238 creatures vanquished

Notes
Turn   | Place    | Note
-------+----------+-------------------------------------------
     0 | D:1      | lunkers the Demigod Transmuter began the quest for the Orb.
     0 | D:1      | Reached XP level 1. HP: 15/15 MP: 5/5
   321 | D:1      | Reached skill level 3 in Unarmed Combat
   531 | D:1      | Reached XP level 2. HP: 22/22 MP: 5/7
  1072 | D:1      | Reached XP level 3. HP: 27/27 MP: 6/8
  1110 | D:1      | Learned a level 3 spell: Spider Form
  1603 | D:2      | Noticed Terence
  1726 | D:2      | Killed Terence
  2221 | D:2      | Reached XP level 4. HP: 20/34 MP: 6/9
  3171 | D:2      | Reached skill level 4 in Unarmed Combat
  3361 | D:2      | Noticed Jessica
  3372 | D:2      | Killed Jessica
  3838 | D:3      | Reached XP level 5. HP: 36/39 MP: 8/10
  3902 | D:3      | Noticed a moth of wrath
  5375 | D:4      | Upgraded the game from 0.27-a0-828-g8289197e94 to
                  | 0.27-a0-836-gfc908b8576
  6039 | D:4      | Identified the +0 ring mail of a wizard's laboratory {Will-
                  | Str+4 Dex+3}
  6311 | D:4      | Reached XP level 6. HP: 4/46 MP: 2/11
  6601 | D:5      | Entered Level 5 of the Dungeon
  6898 | D:5      | Reached skill level 5 in Unarmed Combat
  7099 | D:5      | Noticed a water moccasin
  7110 | D:5      | Killed a water moccasin
  7111 | D:5      | Reached skill level 5 in Transmutations
  7323 | D:5      | Reached XP level 7. HP: 50/51 MP: 9/12
  7495 | D:5      | Reached skill level 6 in Unarmed Combat
  8316 | D:5      | Learned a level 5 spell: Hydra Form
  9226 | D:6      | Noticed a troll
  9236 | D:6      | Killed a troll
  9237 | D:6      | Reached skill level 7 in Unarmed Combat
  9237 | D:6      | Reached XP level 8. HP: 10/58 MP: 10/13
  9715 | D:6      | Found a staircase to the Ecumenical Temple.
 10734 | D:7      | Noticed a +0 hand axe
 10735 | D:7      | Noticed a +0 dagger
 10894 | D:7      | Reached skill level 8 in Unarmed Combat
 11388 | D:7      | Noticed Menkaure
 11420 | D:7      | Killed Menkaure
 11848 | D:8      | Reached XP level 9. HP: 45/63 MP: 14/14
 12478 | D:8      | Reached skill level 9 in Unarmed Combat
 12804 | D:9      | Found Udok's General Store.
 12975 | D:9      | Found Hijeinaniug's Assorted Antiques.
 12983 | D:9      | Bought a blue potion for 24 gold pieces
 12983 | D:9      | Bought an emerald potion for 24 gold pieces
 12983 | D:9      | Bought a white potion for 24 gold pieces
 12983 | D:9      | Bought a scroll labelled XEUDYTZUYSK for 27 gold pieces
 12993 | D:9      | Found a runed translucent door.
 12993 | D:9      | Noticed an angel
 13007 | D:9      | Noticed Prince Ribbit
 13046 | D:9      | Killed Prince Ribbit
 13279 | D:9      | Found a runed translucent gate.
 13280 | D:9      | Found a runed translucent gate.
 13281 | D:9      | Found a runed translucent gate.
 13284 | D:9      | Noticed robertstho's ghost (journeyman DjFE)
 13417 | D:9      | Found Nuaq's Distillery.
 13434 | D:9      | Bought a potion of heal wounds for 65 gold pieces
 13434 | D:9      | Bought a potion of berserk rage for 65 gold pieces
 13569 | D:9      | Noticed Harold
 13662 | D:9      | Killed Harold
 13663 | D:9      | Reached skill level 1 in Fighting
 13904 | D:9      | Reached skill level 10 in Unarmed Combat
 14059 | D:9      | Reached XP level 10. HP: 65/73 MP: 9/15
 14907 | D:10     | Entered Level 10 of the Dungeon
 14918 | D:10     | Found Xagos's Magic Scroll Boutique.
 14926 | D:10     | Bought a scroll of identify for 30 gold pieces
 15173 | D:10     | Noticed a two-headed ogre
 15183 | D:10     | Killed a two-headed ogre
 15437 | D:10     | Found a staircase to the Lair.
 15531 | D:10     | Found Join's Armour Emporium.
 15533 | D:10     | Found a staircase to the Orcish Mines.
 15826 | D:10     | Found Ogux's Distillery.
 15833 | D:10     | Found Ynnavif's Assorted Antiques.
 15841 | D:10     | Bought a scroll labelled JADAYXUSEC for 23 gold pieces
 15896 | D:10     | HP: 4/100 [vampire mosquito (10)]
 15897 | D:10     | Slain by a vampire mosquito

Illustrated notes

Levels and vault maps discovered:
D:1:      enne_arrival_octagon_isle, layout_loops_ring,
          amcnicky_mini_pool_small, minmay_misc_feat_x
D:2:      layout_loops_ring, marbit_many_paths, cheibriados_altar_1,
          uniq_jessica, uniq_terence
D:3:      layout_loops_ring, tgw_trog
D:4:      layout_loops_corners, serial_glass, glass_columns_c, glass_columns_b,
          glass_columns_a, glass_columns_a, glass_columns_a, glass_columns_b,
          glass_columns_c, glass_columns_a, kennysheep_generic_room_5
D:5:      layout_loops_ring, elyvilon_altar_4, kennysheep_mini, serial_glass,
          glass_columns_a, glass_columns_b
D:6:      layout_loops_cross, lemuel_zombie_altar_kikubaaqudgha,
          minmay_temple_entry_crystal_x, grunt_decor_resistance
D:7:      layout_basic, nicolae_overflow_crystal_walls, dancing_weapons_uskayaw,
          fountainhead, serial_bayou_pond_a, uniq_menkaure
D:8:      layout_basic, nicolae_tso_besieged_by_evil, basic_altar
D:9:      layout_long_grid, nicolae_qazlal_general_emergency,
          nicolae_dithmenos_through_a_glass_darkly, overflow_temple_1_default,
          gammafunk_ghost_spectres, serial_shops, shop_statue,
          kennysheep_little_box, shop, minmay_hedge_maze, lemuel_angel_altar,
          uniq_harold, uniq_prince_ribbit1
D:10:     layout_long_grid, erik_lair_island, orc_david_3, serial_shops,
          nicolae_shop_trees, nicolae_shop_overgrown_old_shop,
          nicolae_shop_stone, nicolae_shop_statue_plus, nzn_random_ring

Skill      XL: |  1  2  3  4  5  6  7  8  9 10 |
---------------+-------------------------------+-----
Transmutations | 2 3 4 5 6 8 9 |  9.9
Unarmed Combat | 3 4 5 7 8 10 | 10.6
Fighting       | 2 3 |  3.2
Dodging        | 2 3 |  3.6
Spellcasting   | |  1.7

Action                   |  1- 3 |  4- 6 |  7- 9 | 10-12 || total
-------------------------+-------+-------+-------+-------++-------
Melee: Unarmed           |    48 |   162 |   326 |    97 ||   633
       Dagger            |    71 |    85 |    50 |       ||   206
       Kick              |    15 |     1 |       |       ||    16
       Headbutt          |     8 |     2 |       |       ||    10
       Punch             |     2 |     1 |     4 |       ||     7
 Cast: Beastly Appendage |    16 |     3 |       |       ||    19
       Spider Form       |     4 |    34 |    48 |     1 ||    87
       Hydra Form        |       |       |     6 |     9 ||    15
Evoke: Wand              |       |       |     5 |     1 ||     6
  Use: Potion            |       |     1 |       |       ||     1
       Scroll            |       |       |       |     7 ||     7
 Stab: Sleeping          |       |       |     3 |       ||     3
Armor: Robe              |     9 |    12 |     4 |       ||    25
       Skin              |     5 |    11 |    23 |    32 ||    71
Dodge: Dodged            |    79 |   171 |   303 |    77 ||   630

Table legend: (Time is in decaauts)
 A = Elapsed time spent in this place.
 B = Non-inter-level travel time spent in this place.
 C = Inter-level travel time spent in this place.
 D = Time resting spent in this place.
 E = Time spent auto-exploring this place.
 F = Levels seen in this place.
 G = Mean time per level.
                   A        B        C        D        E       F      G
               +--------+--------+--------+--------+--------+-----+--------+
         Total |  15750 |  15428 |    322 |   1654 |  11841 |  10 | 1575.0 |
       Dungeon |  15750 |  15428 |    322 |   1654 |  11841 |  10 | 1575.0 |
               +--------+--------+--------+--------+--------+-----+--------+

Top non-repeatable levels by time:
     D:9: 2082 daAuts
     D:5: 2073 daAuts
     D:2: 2038 daAuts
     D:6: 1775 daAuts
     D:1: 1644 daAuts
     D:4: 1531 daAuts
     D:3: 1325 daAuts
     D:7: 1282 daAuts
     D:8: 1021 daAuts
    D:10: 975 daAuts
